 Dungeon Crawl Stone Soup version 0.29-a0-321-gf1c400731a (webtiles) character file.

Game seed: 1771089905134651705

4208 GordonOverkill the Markself (level 10, -4/94 HPs)
             Began as a Deep Elf Hunter on Apr 1, 2022.
             Was a Follower of Ru.
             Slain by an orc warrior
             ... wielding a +0 glaive
              (12 damage)
             ... on level 9 of the Dungeon on Apr 3, 2022.
             The game lasted 00:25:49 (10392 turns).

GordonOverkill the Markself (Deep Elf Hunter)      Turns: 10392, Time: 00:25:50

Health: -4/94      AC: 25    Str: 12    XL:     10   Next: 8%
Magic:  12/12      EV:  2    Int: 15    God:    Ru [*.....]
Gold:   1142       SH:  0    Dex: 18    Spells: 9/9 levels left

rFire   . . .      SeeInvis .   a - +2 shortbow (elec)
rCold   . . .      Faith    .   (shield currently unavailable)
rNeg    . . .      Spirit   .   (body armour currently unavailable)
rPois   +          Reflect  .   (helmet currently unavailable)
rElec   .          Harm     .   (cloak currently unavailable)
rCorr   +          Rampage  .   (gloves currently unavailable)
Will    +....      NoTele   +   (boots currently unavailable)
Stlth   ++........              (no amulet)
HPRegen 0.25/turn               t - ring of resist corrosion
MPRegen 0.13/turn               (no ring)

@: tree-form, on berserk cooldown, attractive, hasted and slowed
A: stationary, stasis, torment immunity, boosted hp, inability to train armour
a: Renounce Religion


You were on level 9 of the Dungeon.
You worshipped Ru.
Ru was aware of your devotion.
You were a tree.
You visited 2 branches of the dungeon, and saw 11 of its levels.
You also visited: Bailey.

You collected 1142 gold pieces.

Inventory:

Hand Weapons
 a - a +2 shortbow of electrocution (weapon)
Armour
 b - a +1 cloak (melded)
 k - a +0 ring mail (melded)
 p - a +2 pair of boots (melded)
Jewellery
 t - a ring of resist corrosion (left branch)
Wands
 i - a wand of flame (1)
Scrolls
 c - a scroll of immolation
Potions
 d - a potion of mutation
 j - a potion of flight
 n - a potion of magic
Miscellaneous
 e - a tin of tremorstones (2/2)


   Skills:
 + Level 7.2 Fighting
 * Level 15.9 Bows
 - Level 2.4 Dodging
 - Level 1.2 Stealth
 + Level 1.6 Evocations


You had 9 spell levels left.
You didn't know any spells.
Your spell library contained the following spells:

 Spells                   Type           Power      Damage    Failure   Level
 Magic Dart               Conj           0%         1d3       26%         1
 Shock                    Conj/Air       0%         1d3       26%         1
 Sting                    Tmut/Pois      0%         1d3       26%         1
 Call Imp                 Summ           0%         N/A       38%         2
 Corpse Rot               Necr/Air       0%         N/A       38%         2
 Ensorcelled Hibernation  Hex/Ice        0%         N/A       38%         2
 Passwall                 Tmut/Erth      0%         N/A       38%         2
 Poisonous Vapours        Pois/Air       0%         N/A       38%         2
 Searing Ray              Conj           0%         2d4       38%         2
 Sublimation of Blood     Necr           0%         N/A       38%         2
 Mephitic Cloud           Conj/Pois/Air  0%         N/A       63%         3
 Summon Guardian Golem    Hex/Summ       0%         N/A       63%         3
 Swiftness                Air            0%         N/A       63%         3
 Airstrike                Air            0%         N/A       95%         4
 Dispel Undead            Necr           0%         3d6       95%         4
 Fulminant Prism          Conj/Hex       0%         3d6       95%         4
 Olgreb's Toxic Radiance  Pois           0%         N/A       95%         4
 Petrify                  Tmut/Erth      0%         N/A       95%         4
 Irradiate                Conj/Tmut      0%         3d13      100%        5
 Death Channel            Necr           0%         N/A       100%        6
 Orb of Destruction       Conj           0%         9d5       100%        7
 Spellforged Servitor     Conj/Summ      0%         N/A       100%        7


Dungeon Overview and Level Annotations

Branches:
Dungeon (10/15)            Temple (1/1) D:7          Bailey (visited)
   Lair: D:8-11         Orc: D:9-12

Altars:
Ashenzari
Cheibriados
Dithmenos
Elyvilon
Fedhas
Gozag
Hepliaklqana
Kikubaaqudgha
Makhleb
Nemelex Xobeh
Okawaru
Qazlal
Ru
Sif Muna
Trog
Uskayaw
Vehumet
Xom
Yredelemnul
Zin
The Shining One

Shops:
D:1 [   D:5 (

Annotations:
D:3 Ijyb
D:6 3 runed translucent doors, anet's ghost, novice MiBe; nuaici's ghost, novice MiFi


Innate Abilities, Weirdness & Mutations

You are a tree.
Your roots penetrate the ground, keeping you stationary.
You cannot be teleported.
You are immune to unholy pain and torment.
Your maximum health is greatly increased.
Your equipment is partially melded.
You cannot train Armour skill.


Message History

You shoot an arrow. Something hits you but does no damage.
Shoot: a) +2 shortbow (elec)
Press: ? - help, Q - select action, (/) - cycle Shift-Dir - straight line You shoot an arrow.
Something hits you.
* * * LOW HITPOINT WARNING * * *
Something burns you.
* * * LOW HITPOINT WARNING * * *
An orc warrior comes into view. It is wielding a +0 glaive.
The orc warrior is attracted toward you.
Shoot: a) +2 shortbow (elec)
Press: ? - help, Q - select action, (/) - cycle Shift-Dir - straight line, f - orc warrior
Aim: an orc warrior, wielding a +0 glaive and wearing a +0 plate armour (wandering, hasn't noticed you, 72% to hit)
You shoot an arrow. The orc warrior shouts!
The arrow hits the orc warrior.
The orc warrior is lightly wounded.
The orc warrior is attracted toward you.
Shoot: a) +2 shortbow (elec)
Press: ? - help, Q - select action, (/) - cycle Shift-Dir - straight line, f/p - orc warrior
Aim: an orc warrior, wielding a +0 glaive and wearing a +0 plate armour (lightly wounded, 72% to hit)
You shoot an arrow.
Reactivating autopickup.
You feel a bit more experienced.
The orc warrior hits you from afar with a +0 glaive.
* * * LOW HITPOINT WARNING * * *
The orc warrior is attracted toward you.
Your Evocations skill increases to level 1!
You have reached level 10!
Okay, then.
Okay, then.
Shoot: a) +2 shortbow (elec)
Press: ? - help, Q - select action, (/) - cycle Shift-Dir - straight line, f/p - orc warrior
Aim: an orc warrior, wielding a +0 glaive and wearing a +0 plate armour (lightly wounded, 72% to hit)
You shoot an arrow.
The arrow hits the orc warrior but does no damage.
The orc warrior is lightly wounded.
The orc warrior hits you with a +0 glaive!
You die...

...........###....
..)...............
.............##..
............##
........)§..#
............#
########.§..#
####o## #...♣#
#......#
#........#
##........#
#.........#
##........#
#.........
###.....##


You could see an orc warrior.

Vanquished Creatures
  A hydra (D:8)
  Erica (D:9)
  A troll (D:5)
  A steam dragon (D:8)
  A water moccasin (D:5)
  A sky beast (D:6)
  2 orc warriors
  An ice beast (D:8)
  An ogre (D:7)
  A centaur (D:6)
  2 kobold brigands (D:7)
  A bullfrog (D:6)
  2 scorpions
  A necrophage (D:7)
  4 wights
  3 killer bees
  A vampire bat (D:5)
  3 howler monkeys (D:7)
  2 hounds
  A jelly (D:6)
  6 orc priests
  Jessica (D:2)
  9 orc wizards
  Terence (D:3)
  3 iguanas
  9 gnolls
  9 adders
  A shadow imp (D:7)
  2 white imps
  2 worms
  4 dart slugs
  3 fire bats (D:5)
  38 orcs
  2 spectral bats (D:5)
  11 bats
  3 bat skeletons (D:5)
  A bat zombie (D:5)
  7 endoplasms
  2 giant cockroaches
  6 goblins
  2 hobgoblins
  20 kobolds
  5 quokkas
  2 ball pythons
  A bat simulacrum (D:5)
  5 frilled lizards
  2 rats
188 creatures vanquished.

Vanquished Creatures (collateral kills)
  An orc warrior (D:6)
  A bullfrog (D:6)
  A scorpion (D:6)
  An orc wizard (D:6)
4 creatures vanquished.

Vanquished Creatures (others)
  52 plants (D:4)
  6 withered plants (D:6)
58 creatures vanquished.

Grand Total: 250 creatures vanquished

Notes
Turn   | Place    | Note
-------+----------+-------------------------------------------
     0 | D:1      | GordonOverkill the Deep Elf Hunter began the quest for the
                  | Orb.
     0 | D:1      | Reached XP level 1. HP: 12/12 MP: 3/3
    63 | D:1      | Found a faded altar of an unknown god.
   159 | D:1      | Reached XP level 2. HP: 17/17 MP: 4/4
   215 | D:1      | Found Rulac's Antique Armour Shoppe.
   277 | D:1      | Reached skill level 6 in Bows
   761 | D:2      | Reached XP level 3. HP: 21/21 MP: 5/5
   837 | D:2      | Noticed Jessica
   839 | D:2      | Killed Jessica
   840 | D:2      | Reached XP level 4. HP: 27/27 MP: 6/6
  1232 | D:2      | Reached skill level 7 in Bows
  1811 | D:2      | Reached XP level 5. HP: 11/31 MP: 7/7
  2066 | D:3      | Noticed Terence
  2544 | D:3      | Reached skill level 8 in Bows
  2809 | D:3      | Noticed Ijyb
  2867 | D:3      | Found a hazy altar of Hepliaklqana.
  2888 | D:3      | Killed Terence
  3373 | D:4      | Reached XP level 6. HP: 32/37 MP: 8/8
  3736 | D:4      | Found an iron altar of Okawaru.
  3955 | D:4      | Found a shimmering altar of Xom.
  4320 | D:4      | Reached skill level 9 in Bows
  4338 | D:4      | Found a shimmering blue altar of Sif Muna.
  4419 | D:4      | Upgraded the game from 0.29-a0-317-gd16b76e6b1 to
                  | 0.29-a0-321-gf1c400731a
  4443 | D:5      | Entered Level 5 of the Dungeon
  5351 | D:5      | Found a burning altar of Makhleb.
  5384 | D:5      | Noticed a troll
  5397 | D:5      | Killed a troll
  5398 | D:5      | Reached skill level 10 in Bows
  5398 | D:5      | Reached XP level 7. HP: 43/43 MP: 9/9
  5540 | D:5      | Found Nirhytwu's Weapon Shop.
  5639 | D:5      | Reached skill level 11 in Bows
  5943 | D:6      | Reached XP level 8. HP: 48/48 MP: 10/10
  6106 | D:6      | Reached skill level 5 in Fighting
  6179 | D:6      | Found a runed translucent gate.
  6179 | D:6      | Found a runed translucent gate.
  6183 | D:6      | Found a runed translucent gate.
  6184 | D:6      | Noticed nuaici's ghost (novice MiFi)
  6185 | D:6      | Noticed anet's ghost (novice MiBe)
  6213 | D:6      | Reached skill level 12 in Bows
  6358 | D:6      | You fall into a shaft and drop 1 floor!
  6499 | D:7      | Reached skill level 13 in Bows
  7029 | D:6      | HP: 1/51 [orc warrior/+0 scimitar (15)]
  7035 | D:6      | Reached XP level 9. HP: 6/55 MP: 11/11
  7908 | D:7      | Found a staircase to the Ecumenical Temple.
  7975 | Temple   | Entered the Ecumenical Temple
  8118 | Temple   | Became a worshipper of Ru the Awakened
  8435 | D:8      | Identified a scroll of acquirement
  8435 | D:8      | Acquired 752 gold pieces
  8454 | D:7      | Reached skill level 14 in Bows
  8475 | D:8      | Noticed a centaur warrior
  8857 | D:8      | Found a flagged portal.
  8867 | Bailey   | Entered a bailey
  9309 | D:8      | Noticed a six-headed hydra
  9697 | D:8      | Killed a six-headed hydra
  9698 | D:8      | Reached skill level 15 in Bows
  9945 | D:8      | You fall into a shaft and drop 2 floors!
  9945 | D:10     | Entered Level 10 of the Dungeon
 10319 | D:8      | Noticed a boulder beetle
 10333 | D:9      | Gained mutation: You cannot train Armour skill. [Ru
                  | sacrifice]
 10333 | D:9      | Reached * piety under Ru
 10338 | D:9      | Noticed a death knight
 10343 | D:9      | Noticed Erica
 10391 | D:9      | Killed Erica
 10392 | D:9      | Reached skill level 1 in Evocations
 10392 | D:9      | Reached XP level 10. HP: 8/63 MP: 12/12
 10392 | D:9      | Slain by an orc warrior

Illustrated notes

Levels and vault maps discovered:
D:1:      dpeg_arrival_three_same_balls, layout_rooms,
          hellmonk_ecumenical_altar_crossroads, serial_shops,
          nicolae_square_shop, minmay_stone_trees_large
D:2:      layout_basic, serial_curves, eino_curves_02, eino_curves_02,
          uniq_jessica
D:3:      layout_loops_ring, mainiacjoe_overflow_six_doors_small,
          minmay_misc_feat_square, dk_vineyard_1, minmay_misc_feat_x, uniq_ijyb,
          uniq_terence
D:4:      nicolae_cairo_tiling_large_dashed, layout_cave_pools,
          mainiacjoe_overflow_catch_the_wave, okawaru_gym_becter, serial_bayou,
          serial_bayou_lake_a, serial_bayou_lagoon_a, serial_bayou_ford_a,
          serial_bayou_pond_b
D:5:      layout_cave_pools, mainiacjoe_overflow_surrounded_room, serial_shops,
          shop, goddamned_bats
D:6:      layout_loops_ring, gammafunk_ghost_cemetery
D:7:      layout_basic, minmay_temple_entry_grid
D:8:      layout_cave_pools, enter_bailey_2, kb_rosetta
D:9:      layout_cave_pods, erik_lair_dragon, david_orc_3, uniq_erica
D:10:     layout_gridville, kennysheep_little_box, water_maze_lemuel
Temple:   kb_temple_of_zot

Skill      XL: |  1  2  3  4  5  6  7  8  9 |
---------------+----------------------------+-----
Bows           | 6 7 8 10 11 13 15 | 15.9
Fighting       | 2 3 4 5 7 |  7.2
Evocations     | 1 |  1.6
Dodging        | |  2.4
Stealth        | |  1.2

Action                   |  1- 3 |  4- 6 |  7- 9 | 10-12 || total
-------------------------+-------+-------+-------+-------++-------
Melee: Shortbow          |       |     1 |       |       ||     1
 Fire: Shortbow          |    60 |   227 |   371 |     1 ||   659
Invok: Sacrifice Durabil |       |       |     1 |       ||     1
Evoke: Wand              |       |     4 |    22 |       ||    26
  Use: Scroll            |     3 |     4 |     9 |       ||    16
       Potion            |       |     2 |    13 |       ||    15
Armor: Leather armour    |     4 |       |       |       ||     4
       Ring mail         |       |    30 |    94 |       ||   124
       Skin              |       |       |    14 |       ||    14
Dodge: Dodged            |     7 |    43 |   106 |       ||   156

Table legend: (Time is in decaauts)
 A = Elapsed time spent in this place.
 B = Non-inter-level travel time spent in this place.
 C = Inter-level travel time spent in this place.
 D = Time resting spent in this place.
 E = Time spent auto-exploring this place.
 F = Levels seen in this place.
 G = Mean time per level.
                   A        B        C        D        E       F      G
               +--------+--------+--------+--------+--------+-----+--------+
         Total |  10512 |   9918 |    594 |   3579 |   4458 |  12 |  876.0 |
       Dungeon |  10170 |   9601 |    569 |   3474 |   4353 |  10 | 1017.0 |
        Temple |    169 |    144 |     25 |      0 |     80 |   1 |  169.0 |
        Bailey |    172 |    172 |      0 |    105 |     25 |   1 |  172.0 |
               +--------+--------+--------+--------+--------+-----+--------+

Top non-repeatable levels by time:
     D:5: 1539 daAuts
     D:6: 1508 daAuts
     D:3: 1339 daAuts
     D:7: 1322 daAuts
     D:2: 1299 daAuts
     D:4: 1200 daAuts
     D:8: 946 daAuts
     D:1: 758 daAuts
    D:10: 189 daAuts
  Bailey: 172 daAuts
  Temple: 169 daAuts
     D:9: 65 daAuts
